[ AOE2 MATCH · #506713646 ]
UnrankedSpanish vs Hindustanis
Player's team · WIN
[ REPLAY ANALYSIS · EXTRACTED FROM THE RECORDED GAME ]
Feudal
8:57
Castle
20:59
Imperial
27:57
| APM avg | 40.5 |
| APM peak | 73 |
| eAPM avg | 27.9 |
| Villagers / military | 245 / 163 |
Focus
⚔️ 38.0% · 🌾 62.0%
Conquistador ×74 · Spearman ×40 · Monk ×21 · Bombard Cannon ×18 · Scout Cavalry ×4 · Trebuchet (Packed) ×3
Feudal
10:56
Castle
16:35
Imperial
29:27
| APM avg | 21.3 |
| APM peak | 53 |
| eAPM avg | 15.5 |
| Villagers / military | 125 / 157 |
Focus
⚔️ 28.1% · 🌾 71.9%
Hand Cannoneer ×49 · Scout Cavalry ×48 · Camel Scout ×34 · Monk ×13 · Bombard Cannon ×11 · Trebuchet (Packed) ×2
Match map
Initial resources + every placement click. Lines = walls · curves = elevation contours. ◆ gold · ⬟ stone · ● berries · ✦ relic · ◌ wall gap
Your base· ✓ Closed at 20:59 · 4t walls · 3 gate(s)
Tebini Koppini's base· ✓ Closed at 16:35 · 2t walls · 3 gate(s)
Smoothed initial terrain · ◌ = detected wall gap · hover for details
Inputs per minute
— Mati - - Tebini Koppini
Build order — Mati
First 150 of 633 actions detected
| 0:01 | Queue | Villager (Male) |
| 0:01 | Queue | Villager (Male) |
| 0:01 | Queue | Villager (Male) |
| 0:02 | Build | House |
| 0:04 | Build | House |
| 0:11 | Queue | Villager (Male) |
| 1:24 | Queue | Villager (Male) |
| 1:44 | Build | Lumber Camp |
| 1:55 | Queue | Villager (Male) |
| 2:12 | Queue | Villager (Male) |
| 2:41 | Queue | Villager (Male) |
| 2:59 | Queue | Villager (Male) |
| 3:33 | Build | House |
| 3:40 | Queue | Villager (Male) |
| 3:40 | Queue | Villager (Male) |
| 4:05 | Build | House |
| 4:14 | Queue | Villager (Male) |
| 4:35 | Queue | Villager (Male) |
| 4:35 | Queue | Villager (Male) |
| 4:39 | Build | Mining Camp |
| 5:24 | Queue | Villager (Male) |
| 5:24 | Queue | Villager (Male) |
| 6:06 | Research | Loom |
| 6:47 | Research | Feudal Age |
| 7:51 | Queue | Villager (Male) |
| 8:13 | Queue | Villager (Male) |
| 8:24 | Build | Mill |
| 8:57 | Age | Feudal Age |
| 9:01 | Build | Watch Tower |
| 9:07 | Research | Double-Bit Axe |
| 9:40 | Queue | Villager (Male) |
| 9:51 | Queue | Villager (Male) |
| 9:55 | Build | Mill |
| 9:57 | Queue | Villager (Male) |
| 9:58 | Queue | Villager (Male) |
| 10:00 | Build | Blacksmith |
| 10:15 | Build | Watch Tower |
| 10:50 | Queue | Villager (Male) |
| 11:39 | Queue | Villager (Male) |
| 11:39 | Queue | Villager (Male) |
| 11:39 | Queue | Villager (Male) |
| 11:41 | Build | House |
| 11:46 | Build | Palisade Wall |
| 11:51 | Build | Palisade Wall |
| 11:53 | Build | Palisade Wall |
| 11:55 | Build | Palisade Wall |
| 11:58 | Build | Outpost |
| 12:01 | Queue | Villager (Male) |
| 12:04 | Queue | Villager (Male) |
| 12:04 | Queue | Villager (Male) |
| 12:19 | Build | Farm |
| 12:19 | Build | Farm |
| 12:19 | Build | Farm |
| 12:35 | Research | Fletching |
| 12:35 | Research | Fletching |
| 12:45 | Build | Watch Tower |
| 12:48 | Queue | Villager (Male) |
| 12:51 | Build | Farm |
| 12:53 | Build | House |
| 13:09 | Queue | Villager (Male) |
| 13:15 | Build | Farm |
| 13:17 | Queue | Villager (Male) |
| 13:36 | Queue | Villager (Male) |
| 13:36 | Queue | Villager (Male) |
| 13:53 | Queue | Villager (Male) |
| 13:53 | Queue | Villager (Male) |
| 13:54 | Build | Farm |
| 13:55 | Build | Farm |
| 14:13 | Queue | Villager (Male) |
| 14:13 | Queue | Villager (Male) |
| 14:15 | Build | Farm |
| 14:48 | Build | Farm |
| 14:49 | Research | Wheelbarrow |
| 15:06 | Queue | Villager (Male) |
| 15:06 | Queue | Villager (Male) |
| 15:30 | Queue | Villager (Male) |
| 15:30 | Queue | Villager (Male) |
| 15:32 | Build | Farm |
| 15:34 | Build | Farm |
| 15:53 | Build | House |
| 16:26 | Build | Mining Camp |
| 16:51 | Queue | Villager (Male) |
| 16:51 | Queue | Villager (Male) |
| 17:26 | Build | Market |
| 17:33 | Queue | Villager (Male) |
| 18:19 | Research | Castle Age |
| 18:26 | Build | Farm |
| 18:40 | Build | Watch Tower |
| 18:57 | Research | Horse Collar |
| 18:58 | Research | Gold Mining |
| 18:59 | Research | Stone Mining |
| 19:10 | Queue | Villager (Male) |
| 19:10 | Queue | Villager (Male) |
| 19:10 | Queue | Villager (Male) |
| 19:32 | Build | Outpost |
| 19:35 | Build | Outpost |
| 19:39 | Research | Town Watch |
| 19:39 | Queue | Villager (Male) |
| 19:40 | Queue | Villager (Male) |
| 19:40 | Queue | Villager (Male) |
| 19:40 | Queue | Villager (Male) |
| 20:17 | Queue | Villager (Male) |
| 20:54 | Queue | Villager (Male) |
| 20:59 | Age | Castle Age |
| 21:08 | Queue | Villager (Male) |
| 21:08 | Queue | Villager (Male) |
| 21:15 | Build | Town Center |
| 21:20 | Queue | Villager (Male) |
| 21:32 | Queue | Villager (Male) |
| 21:32 | Queue | Villager (Male) |
| 21:48 | Queue | Villager (Male) |
| 21:51 | Queue | Villager (Male) |
| 21:51 | Queue | Villager (Male) |
| 21:51 | Queue | Villager (Male) |
| 21:51 | Queue | Villager (Male) |
| 21:53 | Queue | Villager (Male) |
| 22:05 | Queue | Villager (Male) |
| 22:21 | Queue | Villager (Male) |
| 22:21 | Queue | Villager (Male) |
| 22:21 | Queue | Villager (Male) |
| 22:30 | Build | Castle |
| 22:32 | Queue | Villager (Male) |
| 22:38 | Queue | Villager (Male) |
| 22:40 | Build | Farm |
| 22:41 | Queue | Villager (Male) |
| 22:44 | Queue | Villager (Male) |
| 22:44 | Queue | Villager (Male) |
| 22:44 | Queue | Villager (Male) |
| 22:45 | Queue | Villager (Male) |
| 22:45 | Queue | Villager (Male) |
| 22:51 | Queue | Villager (Male) |
| 22:52 | Queue | Villager (Male) |
| 22:54 | Build | Farm |
| 22:55 | Queue | Villager (Male) |
| 22:57 | Queue | Villager (Male) |
| 22:59 | Queue | Villager (Male) |
| 23:06 | Queue | Villager (Male) |
| 23:06 | Queue | Villager (Male) |
| 23:09 | Build | Farm |
| 23:12 | Queue | Villager (Male) |
| 23:13 | Build | Farm |
| 23:19 | Build | Farm |
| 23:20 | Queue | Villager (Male) |
| 23:20 | Queue | Villager (Male) |
| 23:26 | Queue | Villager (Male) |
| 23:27 | Queue | Villager (Male) |
| 23:27 | Queue | Villager (Male) |
| 23:31 | Build | House |
| 23:36 | Build | Mining Camp |
| 23:45 | Queue | Villager (Male) |
Build order — Tebini Koppini
First 150 of 374 actions detected
| 0:00 | Queue | Villager (Male) ×4 |
| 0:02 | Build | House |
| 0:05 | Build | House |
| 1:30 | Queue | Villager (Male) ×2 |
| 1:51 | Build | Lumber Camp |
| 2:13 | Queue | Villager (Male) |
| 2:42 | Queue | Villager (Male) |
| 3:02 | Build | House |
| 3:08 | Queue | Villager (Male) ×2 |
| 3:52 | Queue | Villager (Male) |
| 4:17 | Queue | Villager (Male) ×2 |
| 5:21 | Build | Mill |
| 5:23 | Queue | Villager (Male) |
| 5:24 | Queue | Villager (Male) |
| 5:58 | Build | House |
| 6:02 | Queue | Villager (Male) ×3 |
| 6:37 | Build | Mill |
| 7:07 | Queue | Villager (Male) ×5 |
| 7:51 | Build | House |
| 8:12 | Build | Farm |
| 8:17 | Build | Farm |
| 8:24 | Build | Mining Camp |
| 8:38 | Research | Feudal Age |
| 9:17 | Research | Loom |
| 9:18 | Queue | Villager (Male) |
| 9:43 | Build | House |
| 9:46 | Build | House |
| 9:49 | Build | Palisade Wall |
| 10:16 | Build | Mining Camp |
| 10:56 | Age | Feudal Age |
| 11:42 | Queue | Villager (Male) |
| 11:57 | Build | Watch Tower |
| 12:02 | Queue | Villager (Male) |
| 12:12 | Build | Market |
| 12:16 | Build | Blacksmith |
| 12:48 | Build | Watch Tower |
| 13:01 | Queue | Villager (Male) |
| 13:55 | Research | Castle Age |
| 14:54 | Build | Stone Wall |
| 15:09 | Research | Double-Bit Axe |
| 15:28 | Build | Mining Camp |
| 15:58 | Queue | Villager (Male) |
| 15:58 | Queue | Villager (Male) |
| 16:09 | Build | Farm |
| 16:12 | Build | Farm |
| 16:18 | Build | Farm |
| 16:35 | Age | Castle Age |
| 16:37 | Build | Monastery |
| 16:48 | Queue | Villager (Male) |
| 17:08 | Build | Farm |
| 17:23 | Queue | Villager (Male) |
| 17:24 | Queue | Monk |
| 17:33 | Build | Town Center |
| 17:43 | Build | Farm |
| 17:54 | Queue | Villager (Male) |
| 17:59 | Build | Farm |
| 18:11 | Queue | Villager (Male) |
| 18:22 | Queue | Monk |
| 18:29 | Queue | Villager (Male) |
| 18:29 | Queue | Villager (Male) |
| 18:34 | Build | Farm |
| 18:50 | Queue | Villager (Male) |
| 18:50 | Queue | Villager (Male) |
| 18:55 | Build | Farm |
| 19:03 | Build | Farm |
| 19:05 | Queue | Villager (Male) |
| 19:25 | Queue | Villager (Male) |
| 19:25 | Queue | Villager (Male) |
| 19:31 | Build | House |
| 19:32 | Build | House |
| 19:39 | Build | House |
| 19:40 | Build | House |
| 19:41 | Build | House |
| 19:41 | Queue | Villager (Male) |
| 19:41 | Queue | Villager (Male) |
| 19:45 | Build | Farm |
| 19:49 | Build | Farm |
| 19:55 | Queue | Villager (Male) |
| 20:09 | Queue | Villager (Male) |
| 20:18 | Queue | Monk |
| 20:29 | Queue | Villager (Male) |
| 20:29 | Queue | Villager (Male) |
| 20:48 | Queue | Villager (Male) |
| 20:49 | Queue | Villager (Male) |
| 20:51 | Queue | Villager (Male) |
| 20:51 | Queue | Villager (Male) |
| 21:08 | Queue | Villager (Male) |
| 21:28 | Queue | Villager (Male) |
| 21:28 | Queue | Villager (Male) |
| 21:28 | Queue | Villager (Male) |
| 21:33 | Build | Farm |
| 21:52 | Build | Castle |
| 21:57 | Queue | Villager (Male) ×2 |
| 22:06 | Queue | Villager (Male) |
| 22:07 | Queue | Villager (Male) |
| 22:13 | Build | Farm |
| 22:14 | Build | Farm |
| 22:14 | Build | Farm |
| 22:15 | Build | Farm |
| 22:20 | Build | Farm |
| 22:21 | Build | Farm |
| 22:22 | Queue | Villager (Male) |
| 22:35 | Queue | Villager (Male) |
| 22:43 | Build | Outpost |
| 22:52 | Queue | Villager (Male) |
| 22:52 | Queue | Villager (Male) |
| 22:55 | Build | Farm |
| 22:59 | Build | Farm |
| 23:02 | Build | Farm |
| 23:06 | Build | Farm |
| 23:10 | Build | Farm |
| 23:12 | Queue | Villager (Male) |
| 23:22 | Build | House |
| 23:23 | Build | House |
| 23:24 | Build | House |
| 23:33 | Build | Outpost |
| 23:36 | Research | Town Watch |
| 23:37 | Queue | Villager (Male) |
| 23:37 | Queue | Villager (Male) |
| 23:51 | Build | Mining Camp |
| 23:52 | Queue | Villager (Male) |
| 23:52 | Queue | Villager (Male) |
| 23:58 | Build | Farm |
| 24:11 | Build | House |
| 24:12 | Build | House |
| 24:21 | Build | Outpost |
| 24:23 | Queue | Villager (Male) |
| 24:24 | Queue | Villager (Male) |
| 24:24 | Queue | Villager (Male) |
| 24:50 | Queue | Villager (Male) |
| 24:50 | Queue | Villager (Male) |
| 24:59 | Build | Lumber Camp |
| 25:03 | Build | Farm |
| 25:15 | Build | House |
| 25:17 | Build | House |
| 25:24 | Queue | Villager (Male) |
| 25:31 | Build | Mining Camp |
| 25:43 | Queue | Villager (Male) |
| 25:44 | Queue | Villager (Male) |
| 26:17 | Research | Imperial Age |
| 26:19 | Build | Farm |
| 26:41 | Queue | Villager (Male) |
| 26:42 | Queue | Villager (Male) |
| 26:42 | Queue | Villager (Male) |
| 27:13 | Queue | Monk |
| 27:17 | Queue | Villager (Male) |
| 27:18 | Queue | Villager (Male) |
| 27:36 | Build | Lumber Camp |
| 27:44 | Research | Bow Saw |
| 27:51 | Research | Bow Saw |
Match timeline
| 8:57 | Mati · age_up feudal |
| 9:49 | Tebini Koppini · wall_segment Palisade Wall x1 |
| 10:56 | Tebini Koppini · age_up feudal |
| 11:46 | Mati · wall_segment Palisade Wall x1 |
| 11:51 | Mati · wall_segment Palisade Wall x1 |
| 11:53 | Mati · wall_segment Palisade Wall x1 |
| 11:55 | Mati · wall_segment Palisade Wall x1 |
| 13:44 | Tebini Koppini · first_market_sell 100 wood |
| 14:54 | Tebini Koppini · wall_segment Stone Wall x1 |
| 16:35 | Tebini Koppini · age_up castle |
| 16:37 | Tebini Koppini · first_building Monastery |
| 19:05 | Mati · first_market_buy 100 food |
| 20:59 | Mati · age_up castle |
| 21:40 | Tebini Koppini · first_market_buy 100 stone |
| 21:52 | Tebini Koppini · first_building Castle |
| 22:24 | Mati · first_market_sell 100 wood |
| 22:30 | Mati · first_building Castle |
| 25:28 | Mati · wall_segment Stone Wall x2 |
| 25:32 | Mati · wall_segment Stone Wall x1 |
| 26:13 | Mati · first_building Monastery |
| 27:57 | Mati · age_up imperial |
| 29:08 | Tebini Koppini · first_building Siege Workshop |
| 29:25 | Mati · wall_segment Stone Wall x1 |
| 29:27 | Tebini Koppini · age_up imperial |
| 29:39 | Mati · first_building Barracks |
| 31:24 | Tebini Koppini · first_building Barracks |
| 31:37 | Mati · first_building Siege Workshop |
| 32:28 | Mati · first_building Stable |
| 33:23 | Tebini Koppini · first_building Stable |
| 46:10 | Mati · wall_segment Stone Wall x29 |
| 48:01 | Mati · wall_segment Stone Wall x12 |
| 48:06 | Mati · wall_segment Stone Wall x7 |
| 48:20 | Tebini Koppini · first_building Archery Range |
| 55:30 | Tebini Koppini · resign |
[ AI ANALYSIS · 1 CREDIT ]
What really happened in this match?
Wolo.gg analyzes every decision: build order, eco, micro, common mistakes by bracket. Personalized analysis on WhatsApp or Discord in 30 seconds.
Civ guide
Spanish
Perfil
Jugador #270855